 Dungeon Crawl Stone Soup version 0.18.1-47-g9310371 (webtiles) character file.

154 MistressOfTheDunes the Insei (level 5, -4/42 HPs)
             Began as a Mummy Monk on June 23, 2016.
             Slain by an ogre
             ... wielding a +0 giant club
              (31 damage)
             ... on level 3 of the Dungeon.
             The game lasted 00:08:24 (5325 turns).

MistressOfTheDunes the Insei (Mummy Monk)           Turns: 5325, Time: 00:08:25

Health: -4/42      AC:  0    Str: 17    XL:     5   Next: 13%
Magic:  5/5        EV: 14    Int:  9    God:
Gold:   89         SH:  0    Dex: 15    Spells: 0 memorised, 4 levels left

rFire  x . .     SeeInvis .       - Unarmed
rCold  + . .     Gourm    .     (no armour)
rNeg   + + +     Faith    .     (no shield)
rPois  ∞         Spirit   .     (no helmet)
rElec  .         Dismiss  .     (no cloak)
rCorr  .         Reflect  .     (no gloves)
SustAt .         Harm     .     (no boots)
MR     .....                    (no amulet)
Stlth  ++........               i - +2 ring of strength
                                a - +1 ring of evasion

@: not resistant to hostile enchantments, unstealthy
A: no food or potions, fire vulnerability, cold resistance 1, negative energy
resistance 3, torment resistance, unbreathing
a: no special abilities


You were on level 3 of the Dungeon.
You were not hungry.

You visited 1 branch of the dungeon, and saw 4 of its levels.

You collected 89 gold pieces.


Innate Abilities, Weirdness & Mutations

You do not eat or drink.
Your flesh is vulnerable to fire.
You are immune to poison.
Your flesh is cold resistant.
You are immune to negative energy.
You are immune to unholy pain and torment.
You can survive without breathing.


   Skills:
 + Level 3.7 Fighting
 - Level 2.4 Dodging
 - Level 1.5 Stealth
 - Level 5.0 Unarmed Combat


You had 4 spell levels left.
You didn't know any spells.

Inventory:

Missiles
 c - 6 poisoned needles (quivered)
Jewellery
 a - a +1 ring of evasion (left hand)
 i - a +2 ring of strength (right hand)
Scrolls
 b - 4 scrolls of identify {unknown}
 d - a scroll of amnesia {unknown}
 e - 3 scrolls of fear {unknown}
 f - 2 scrolls of fog {unknown}
 g - a scroll of enchant weapon {unknown}
 h - a scroll of enchant armour {unknown}
 j - 2 scrolls of remove curse {unknown}
 k - a scroll of noise {unknown}
 l - a scroll of teleportation {unknown}

Dungeon Overview and Level Annotations

Branches:
Dungeon (4/15)
 Temple: D:4-7

Altars:
Dithmenos
Kikubaaqudgha
Nemelex Xobeh

Annotations:
D:4 Purgy; Robin; junkhipster's ghost, amateur HOFi

▒>)......'....................
▒.▒▒▒▒▒▒)▒....▒.▒▒▒▒▒▒▒▒▒▒▒▒▒▒
▒▒▒▒.▒▒▒▒▒.....▒.▒.▒
▒..............▒.▒.▒▒▒▒▒▒▒▒▒▒▒▒▒▒
▒.▒▒.▒.........▒.▒...............
▒.▒▒.'.........).)...............
▒.▒▒▒▒.........▒.▒▒▒▒▒▒▒▒▒▒.▒▒▒▒.
▒.▒ ▒....▒..▒▒▒)▒ ▒.▒▒...
▒.▒▒▒▒▒▒▒▒▒..▒ ▒M▒▒▒▒▒▒ ▒.▒....
▒.▒.......▒..▒ ▒O▒....▒ ▒.▒....
▒.▒.▒▒▒▒▒.▒..▒ ▒.▒....▒▒▒▒▒....._
▒.▒.▒ ▒.▒..▒▒▒.▒.........[▒....
▒.▒.▒ ▒.▒..▒........▒▒▒▒..▒....
▒.▒.▒ ▒.▒...........▒ ▒▒.▒▒...
▒.▒.▒▒▒▒▒.▒.........).▒ ▒.▒▒▒▒.
▒.▒...................▒ ▒......
▒.▒▒▒▒▒▒▒.▒▒.▒+▒+▒▒.▒▒▒ ▒▒▒▒..▒▒▒


You could see an ogre.


Message History

The orc closely misses you!
You barely miss the orc! The orc hits you!
You squash the orc like an ant!!!
You annihilate the orc!!!
No target in view!!!
No target in view!!!
Things that are here:
a leather armour; an orc corpse
(D) Dungeon
Where to? (Enter - D:3 @ (x,y), ? - help) HP restored!
The ogre is too close now for your liking!
Things that are here:
a club; a hobgoblin skeleton
Things that are here:
a dagger; a flail The ogre completely misses you!
You squash the ogre like an ant!
The ogre is moderately wounded!
The ogre hits you with a giant club!!!
You pulverise the ogre!
The ogre is moderately wounded!
You beat the ogre into a bloody pulp!
You punch the ogre!
The ogre is severely wounded!
The ogre misses you!
You squash the ogre like an ant!!!
The ogre is almost dead!
The ogre hits you with a giant club!!!!!!
DANG rip

Action                   |  1- 3 |  4- 6 || total
-------------------------+-------+-------++-------
Melee: Unarmed           |   147 |   148 ||   295
       Punch             |     3 |     3 ||     6
 Stab: Sleeping          |     3 |     3 ||     6
       Distracted        |       |     1 ||     1
Dodge: Dodged            |    94 |   108 ||   202

Vault maps used:
D:1:      minmay_arrival_nine_rooms, grunt_decor_fettered
D:3:      old_standard_altar, first_bread, nemelex_xobeh_ov_fountains_minmay
D:4:      lemuel_coloured_pillars_altar, minivault_1,
          nicolae_dithmenos_through_a_glass_darkly, uniq_robin, uniq_purgy

Notes
Turn   | Place    | Note
--------------------------------------------------------------
     0 | D:1      | MistressOfTheDunes the Mummy Monk began the quest for the Orb.
     0 | D:1      | Reached XP level 1. HP: 18/18 MP: 1/1
   370 | D:1      | Reached XP level 2. HP: 22/24 MP: 2/2
   896 | D:1      | Reached skill level 4 in Unarmed Combat
  1223 | D:1      | Reached XP level 3. HP: 25/29 MP: 3/3
  2478 | D:2      | Reached XP level 4. HP: 22/35 MP: 4/4
  3263 | D:3      | Found a sparkling altar of Nemelex Xobeh.
  3320 | D:3      | Reached skill level 5 in Unarmed Combat
  3506 | D:3      | Found an ancient bone altar of Kikubaaqudgha.
  4053 | D:4      | Reached XP level 5. HP: 32/41 MP: 5/5
  4114 | D:4      | Found a shadowy altar of Dithmenos.
  4124 | D:4      | Noticed an ogre
  4334 | D:4      | HP: 4/41 [ogre/giant club (23)]
  4723 | D:4      | Noticed Robin
  4725 | D:4      | Noticed Purgy
  5163 | D:4      | Noticed junkhipster's ghost (amateur HOFi)
  5325 | D:3      | Slain by an ogre

Vanquished Creatures
  6 adders
  2 oozes
  A dart slug (D:1)
  2 giant geckos
  3 orcs (D:3)
  8 bats
  5 giant cockroaches
  11 hobgoblins
  5 jackals
  9 kobolds
  2 ball pythons (D:1)
  5 giant newts
  16 goblins
  5 rats
80 creatures vanquished.
